 Dungeon Crawl Stone Soup version 0.19.1-1-g22dce08 (webtiles) character file.

254 Da5id the Stinger (level 5, -4/38 HPs)
             Began as a Draconian Venom Mage on Jan 1, 2017.
             Was an Initiate of Sif Muna.
             Slain by a worker ant (7 damage)
             ... on level 3 of the Dungeon.
             The game lasted 00:08:26 (5957 turns).

Da5id the Stinger (Draconian Venom Mage)            Turns: 5957, Time: 00:08:27

Health: -4/38      AC:  8    Str: 11    XL:     5   Next: 91%
Magic:  2/8        EV: 14    Int: 16    God:    Sif Muna [......]
Gold:   209        SH:  0    Dex: 11    Spells: 2 memorised, 2 levels left

rFire  . . .     SeeInvis .     l - +0 war axe
rCold  . . .     Gourm    .     (armour unavailable)
rNeg   . . .     Faith    .     (no shield)
rPois  .         Spirit   .     (helmet restricted)
rElec  .         Reflect  .     (no cloak)
rCorr  .         Harm     .     (no gloves)
MR     .....                    f - +2 pair of boots
Stlth  ++........               (no amulet)
                                (no ring)
                                k - +2 ring of evasion

@: lethally poisoned (-4 -> -13)
A: unfitting armour, cold-blooded, AC +5
a: Renounce Religion


You were on level 3 of the Dungeon.
You worshipped Sif Muna.
Sif Muna was noncommittal.
You were very hungry.

You visited 1 branch of the dungeon, and saw 6 of its levels.

You collected 209 gold pieces.

Inventory:

Hand Weapons
 l - a +0 war axe (weapon)
Armour
 f - a +2 pair of boots (worn)
Jewellery
 k - a +2 ring of evasion (left hand)
Wands
 q - a wand of flame (23/48)
 t - a wand of polymorph (15/24)
Scrolls
 d - 3 scrolls of remove curse {unknown}
 h - 10 scrolls of identify {unknown}
 i - 6 scrolls of teleportation {unknown}
 n - a scroll of fog {unknown}
 p - a scroll of amnesia {unknown}
 u - 5 scrolls of noise {unknown}
Potions
 e - a potion of ambrosia {unknown}
 m - a potion of magic {unknown}
 s - 2 potions of resistance {unknown}
 v - a potion of might {unknown}
 x - a potion of mutation {unknown}
Books
 a - a Young Poisoner's Handbook

   Spells                             Type                      Level
   a - Sting                          Conjuration/Poison           1
   b - Mephitic Cloud                 Conjuration/Poison/Air       3
   c - Olgreb's Toxic Radiance        Poison                       4
   d - Alistair's Intoxication        Transmutation/Poison         5
   e - Venom Bolt                     Conjuration/Poison           5
Comestibles
 b - 2 bread rations
 c - a slice of pizza
 g - 6 fruits
 j - a meat ration
 o - a beef jerky
 w - a royal jelly


   Skills:
 - Level 1.7 Dodging
 - Level 1.7 Stealth
 - Level 2.0 Spellcasting
 + Level 7.2 Poison Magic


You had 2 spell levels left.
You knew the following spells:

 Your Spells              Type           Power        Failure   Level  Hunger
a - Sting                 Conj/Pois      ##..         6%          1    #......
b - Venom Bolt            Conj/Pois      ##........   96%         5    ######.


Dungeon Overview and Level Annotations

Branches:
Dungeon (6/15)
 Temple: D:4-7

Altars:
Sif Muna

Shops:
D:4 [}


Innate Abilities, Weirdness & Mutations

Your plain brown scales are hard. (AC +5)
You cannot fit into any form of body armour.
You are cold-blooded and may be slowed by cold attacks.


Message History

Aiming: Sting
Press: ? - help, Shift-Dir - straight line, f/p - worker ant
Aim: a worker ant (moderately wounded)
The sting hits the worker ant.
The worker ant is moderately wounded.
The worker ant misses you.
Casting: Sting
Confirm with . or Enter, or press ? or * to list all spells.
Aiming: Sting
Press: ? - help, Shift-Dir - straight line, f/p - worker ant
Aim: a worker ant (moderately wounded)
The sting misses the worker ant.
The worker ant bites you.
* * * LOW HITPOINT WARNING * * *
You are lethally poisoned!
The worker ant poisons you!
You closely miss the worker ant.
The worker ant is moderately wounded.
* * * LOW HITPOINT WARNING * * *
You feel sick. The worker ant bites you!
You die...

....#.)##.#### #.#
..#.....#.# ####### #.#
..........# #.....# #.#
....#...#.# #.....## #.#
..#.##.##.# #......# #.###
.##.......# #......# #.<.#
....<....## #......# ###.#
#..#..##.# ##...#.#####.#
.........# #...@....##.#
##.##.##.# #...#a##.##.#
#.##.##)#####.....##.##.#
#>##..)..)...#..#.......#
##.#####)####.#(.#.##.####
# ....####.# #.#..[..##.#
####### ##.......#
##.#.......# #.....#
###.###### ###.#######
####.###.# .....# #.#
#####......รท..


You could see a worker ant.

Vanquished Creatures
  A water moccasin skeleton (D:4)
  A hound (D:4)
  A centaur skeleton (D:4)
  5 adders
  A worm (D:3)
  A dart slug (D:2)
  A leopard gecko (D:1)
  5 orcs (D:3)
  2 ball pythons (D:3)
  7 giant cockroaches
  9 goblins
  15 hobgoblins
  8 jackals
  4 quokkas
  10 bats
  5 frilled lizards
  A jackal zombie (D:5)
  5 kobolds
  7 rats
89 creatures vanquished.

Notes
Turn   | Place    | Note
-------+----------+-------------------------------------------
     0 | D:1      | Da5id the Draconian Venom Mage began the quest for the Orb.
     0 | D:1      | Reached XP level 1. HP: 14/14 MP: 3/3
   721 | D:1      | Reached XP level 2. HP: 20/20 MP: 3/5
  2078 | D:2      | Reached skill level 5 in Poison Magic
  2119 | D:2      | Reached XP level 3. HP: 26/26 MP: 6/6
  2997 | D:2      | Reached XP level 4. HP: 17/33 MP: 3/7
  3985 | D:2      | Reached skill level 6 in Poison Magic
  4118 | D:2      | Found a deep blue altar of Sif Muna.
  4198 | D:2      | Became a worshipper of Sif Muna the Loreminder
  4388 | D:3      | You fall through a shaft for 3 floors!
  4398 | D:5      | Entered Level 5 of the Dungeon
  4428 | D:5      | Noticed a sky beast
  4431 | D:4      | Found Qell's Armour Emporium.
  4433 | D:4      | Found Vuinol Xeiwn's Gadget Boutique.
  5013 | D:3      | Reached XP level 5. HP: 38/38 MP: 8/8
  5020 | D:3      | Learned a level 5 spell: Venom Bolt
  5747 | D:4      | Reached skill level 7 in Poison Magic
  5957 | D:3      | Slain by a worker ant

Skill      XL: |  1  2  3  4  5 |
---------------+----------------+-----
Poison Magic   | 5 6 7 |  7.2
Dodging        | |  1.7
Stealth        | |  1.7
Spellcasting   | |  2.0

Action                   |  1- 3 |  4- 6 || total
-------------------------+-------+-------++-------
Melee: Unarmed           |    68 |       ||    68
       Tailslap          |     7 |    12 ||    19
       War axe           |    67 |   138 ||   205
 Cast: Sting             |    39 |    44 ||    83
 Stab: Sleeping          |     4 |     7 ||    11
  Eat: Chunk             |     6 |     9 ||    15
       Beef jerky        |     1 |       ||     1
Armor: Skin              |    82 |    68 ||   150
Dodge: Dodged            |   137 |   134 ||   271
